 Dungeon Crawl Stone Soup version 0.15.0-12-gccce430 (webtiles) character file.

275 Aelig the Changer (level 6, -2/38 HPs)
             Began as an Octopode Transmuter on Sept 2, 2014.
             Slain by an orc warrior
             ... wielding a +0 scimitar
              (9 damage)
             ... on Level 4 of the Dungeon.
             The game lasted 00:08:52 (4165 turns).

Aelig the Changer (Octopode Transmuter)             Turns: 4165, Time: 00:08:52

HP  -2/38        AC  2     Str  9      XL: 6   Next: 25%
MP   6/10        EV 19     Int 18      God:
Gold 156         SH  0     Dex 17      Spells:  3 memorised,  3 levels left

rFire  . . .     SeeInvis .       - Unarmed
rCold  . . .     Clarity  .     (shield currently unavailable)
rNeg   . . .     rCorr    .     (helmet currently unavailable)
rPois  x         rRot     .     (no amulet)
rElec  .         Spirit   .     (no ring)
SustAb .         Warding  .     (no ring)
rMut   .         Stasis   .     (no ring)
Gourm  .                        (no ring)
MR     .....                    (no ring)
                                (no ring)
                                (no ring)
                                (no ring)

@: spider-form, not resistant to hostile enchantments, unstealthy
A: almost no armour, amphibious, 8 rings, (constrict 8), (camouflage 0),
(gelatinous body 0)
a: End Transformation


You were on level 4 of the Dungeon.
You were not hungry.
You were in spider-form.
You visited 1 branch of the dungeon, and saw 5 of its levels.

You collected 156 gold pieces.

Inventory:

Missiles
 b - 12 arrows
 h - 27 stones (quivered)
Comestibles
 a - 3 bread rations
 i - 2 meat rations
 o - 2 slices of pizza
 s - 2 rotting chunks of hobgoblin flesh
Scrolls
 e - 3 scrolls of recharging {unknown}
 f - 2 scrolls of identify {unknown}
 g - a scroll of blinking {unknown}
 j - a scroll of noise {unknown}
 l - a scroll of immolation {unknown}
 u - a scroll of enchant armour {unknown}
Jewellery
 m - an uncursed ring of wizardry {unknown}
 n - an uncursed amulet of the gourmand {unknown}
Potions
 c - 2 potions of curing
 k - a potion of cancellation
 p - a potion of resistance {unknown}
 q - a potion of heal wounds {unknown}
 r - a potion of brilliance {unknown}
 t - a potion of flight {unknown}
Books
 d - a book of Changes

   Spells                             Type                      Level
   *Beastly Appendage                 Transmutation                1
   *Sticks to Snakes                  Transmutation                2
   *Spider Form                       Transmutation/Poison         3
   Ice Form                           Ice/Transmutation            4
   Blade Hands                        Transmutation                5


   Skills:
 - Level 1.0 Fighting
 - Level 2.0 Dodging
 + Level 4.8 Unarmed Combat
 - Level 2.0 Spellcasting
 - Level 5.1 Transmutations


You had 3 spell levels left.
You knew the following spells:

 Your Spells              Type           Power        Failure   Level  Hunger
a - Beastly Appendage     Trmt           ###...       8%          1    #......
b - Sticks to Snakes      Trmt           ###.......   12%         2    ##.....
c - Spider Form           Trmt/Pois      ##........   41%         3    ####...


Dungeon Overview and Level Annotations

Branches:
Dungeon (5/15)
 Temple: D:4-7

Altars:

Annotations:
D:3 Aelig's ghost, average OpTm


Innate Abilities, Weirdness & Mutations

You cannot wear most types of armour.
You are amphibious.
You can wear up to eight rings at the same time.
((You can use your tentacles to constrict many enemies at once.))
((Your skin changes colour to match your surroundings (Stealth).))
((Your rubbery body absorbs attacks (AC +1).))


Message History

The orc warrior completely misses you.
Drink which item? (? for menu, Esc to quit)
Your magical effects are unravelling.
You feel magically purged.
It was a potion of cancellation.
The orc warrior completely misses you.
You hit the orc warrior but do no damage.
The orc warrior is moderately wounded.
Your transformation has ended.
Casting: Spider Form
Confirm with . or Enter, or press ? or * to list all spells.
You turn into a venomous arachnid creature.
The orc warrior completely misses you.
You hit the orc warrior but do no damage.
The orc warrior is heavily wounded.
The orc warrior hits you with a scimitar!
* * * LOW HITPOINT WARNING * * *
You hit the orc warrior but do no damage.
The orc warrior is severely wounded.
The orc warrior hits you with a scimitar!
You die...

#########
#.......#
#.......#
#.......#
##.....[.#
##......).#
#...>...os#
####.#......%#
.....#.......#
##.#...#######
>......######
####.....<##
##........#...#
#...........#
#...........#


You could see an orc warrior.

Vanquished Creatures
  An orc priest (D:4)
  A worker ant (D:4)
  An orc wizard (D:4)
  4 gnolls (D:3)
  7 adders
  A giant mite (D:3)
  3 worms
  2 giant geckos
  3 orcs
  5 giant cockroaches
  7 hobgoblins
  6 jackals
  8 kobolds
  2 quokkas
  A ball python (D:3)
  7 bats
  5 giant newts
  5 goblins
  8 rats
77 creatures vanquished.

Notes
Turn   | Place    | Note
--------------------------------------------------------------
     0 | D:1      | Aelig, the Octopode Transmuter, began the quest for the Orb.
     0 | D:1      | Reached XP level 1. HP: 13/13 MP: 3/3
   199 | D:1      | Reached XP level 2. HP: 1/18 MP: 4/4
  1108 | D:2      | Learned a level 2 spell: Sticks to Snakes
  1235 | D:2      | Reached XP level 3. HP: 15/23 MP: 6/6
  1240 | D:2      | Learned a level 3 spell: Spider Form
  1713 | D:2      | Reached skill level 4 in Transmutations
  1836 | D:2      | Reached XP level 4. HP: 28/28 MP: 3/7
  2113 | D:3      | Noticed Aelig's ghost (average OpTm)
  2495 | D:3      | Reached skill level 5 in Transmutations
  2521 | D:3      | Reached XP level 5. HP: 25/33 MP: 5/9
  3311 | D:4      | Noticed a phantom
  4106 | D:4      | Reached XP level 6. HP: 36/38 MP: 6/10
  4141 | D:5      | Entered Level 5 of the Dungeon
  4165 | D:4      | Slain by an orc warrior

Action                   |  1- 3 |  4- 6 || total
-------------------------+-------+-------++-------
Melee: Unarmed           |    92 |   128 ||   220
 Cast: Spider Form       |     3 |    12 ||    15
       Beastly Appendage |     2 |     1 ||     3
  Use: Potion            |       |     2 ||     2
 Stab: Sleeping          |     1 |       ||     1
  Eat: Chunk             |     3 |     8 ||    11
       Beef jerky        |       |     1 ||     1
